 Dungeon Crawl Stone Soup version 0.30-a0-123-g91d0c66ccf (webtiles) character file.

Game seed: 9092349449202189627

1362 LnG the Cleaver (level 8, -4/70 HPs)
             Began as a Hill Orc Fighter on Sept 16, 2022.
             Slain by a centaur
             ... wielding a +0 morningstar
              (17 damage)
             ... on level 6 of the Dungeon on Sept 17, 2022.
             The game lasted 00:24:54 (7293 turns).

LnG the Cleaver (Hill Orc Fighter)                  Turns: 7293, Time: 00:24:55

Health: -4/70      AC: 10    Str: 21    XL:     8   Next: 64%
Magic:  8/8        EV: 10    Int:  8    God:
Gold:   249        SH:  4    Dex: 10    Spells: 7/7 levels left

rFire   + . .      SeeInvis .    a - +0 war axe (protect)
rCold   . . .      Faith    .    c - +0 buckler
rNeg    . . .      Spirit   .    b - +0 scale mail
rPois   .          Reflect  .    o - +0 helmet
rElec   .          Harm     .    h - scarf {+Inv}
rCorr   .          Rampage  .    (no gloves)
Will    .....                    E - +0 pair of boots of the Slorg {rF+}
Stlth   ..........               (no amulet)
HPRegen 0.21/turn                (no ring)
MPRegen 0.11/turn                (no ring)

@: about to teleport
A: no striking features
a: Evoke Invisibility


You were on level 6 of the Dungeon.
You visited 1 branch of the dungeon, and saw 6 of its levels.

You collected 249 gold pieces.

Inventory:

Hand Weapons
 a - a +0 war axe of protection (weapon)
Missiles
 m - 5 boomerangs of dispersal
 q - 4 boomerangs (quivered)
 x - 3 throwing nets
Armour
 b - a +0 scale mail (worn)
 c - a +0 buckler (worn)
 h - a scarf of invisibility (worn)
 o - a +0 helmet (worn)
 E - the +0 pair of boots of the Slorg (worn) {rF+}
   (You found it on level 6 of the Dungeon)

   rF:        It protects you from fire.
Scrolls
 g - 3 scrolls of vulnerability
 k - a scroll of fear
 r - a scroll of teleportation
 t - a scroll of poison
 u - 3 scrolls of silence {unknown}
 v - 2 scrolls of brand weapon
 w - a scroll of butterflies
 y - 2 scrolls of enchant armour {unknown}
 A - a scroll of immolation {unknown}
 D - a scroll of blinking {unknown}
Potions
 d - 2 potions of might
 e - a potion of mutation {unknown}
 f - 2 potions of haste {unknown}
 i - a potion of flight {unknown}
 j - 6 potions of curing
 l - a potion of brilliance {unknown}
 n - a potion of degeneration {unknown}
 p - a potion of resistance {unknown}
 s - 2 potions of heal wounds {unknown}
 z - a potion of lignification {unknown}
 B - a potion of magic {unknown}
 C - a potion of cancellation {unknown}


   Skills:
 + Level 5.8 Fighting
 + Level 9.4 Axes
 + Level 0.6 Throwing
 + Level 6.2 Armour
 + Level 1.9 Dodging
 + Level 1.2 Stealth
 + Level 4.5 Shields


You had 7 spell levels left.
You didn't know any spells.
Your spell library contained the following spells:

 Spells                   Type           Power      Damage    Failure   Level
 Magic Dart               Conj           0%         1d3       80%         1
 Call Imp                 Summ           0%         N/A       91%         2
 Searing Ray              Conj           0%         2d4       91%         2
 Mephitic Cloud           Conj/Pois/Air  0%         N/A       99%         3
 Ozocubu's Armour         Ice            0%         N/A       99%         3
 Fulminant Prism          Conj/Hex       0%         3d6       100%        4
 Metabolic Englaciation   Hex/Ice        0%         N/A       100%        5
 Simulacrum               Ice/Necr       0%         N/A       100%        6


Dungeon Overview and Level Annotations

Branches:
Dungeon (6/15)
 Temple: D:4-7

Altars:
Ashenzari
Dithmenos
Elyvilon
Gozag
Hepliaklqana
Makhleb
Nemelex Xobeh
Ru
Trog
Vehumet
Xom
Yredelemnul

Shops:
D:5 =   D:6 (


Message History

The acid dragon is lightly wounded.
The acid dragon bites you but does no damage.
The acid dragon barely misses you.
You barely miss the acid dragon.
The acid dragon is lightly wounded.
The acid dragon bites you but does no damage.
The acid dragon claws you.
You slash the acid dragon!
The acid dragon is moderately wounded.
A centaur comes into view. It is wielding a +0 morningstar.
The acid dragon bites you but does no damage.
The acid dragon barely misses you.
You completely miss the acid dragon.
The acid dragon is moderately wounded.
The centaur shouts!
You hear an angry hiss.
You block the acid dragon's attack. The acid dragon barely misses you.
You closely miss the acid dragon.
The acid dragon is moderately wounded.
The acid dragon bites you but does no damage.
The acid dragon claws you.
The centaur drinks a potion.
The centaur seems to grow stronger.
You closely miss the acid dragon.
The acid dragon is moderately wounded.
An adder comes into view.
The acid dragon spits acid at you. The splash of acid hits you!
As you read the scroll of teleportation, it crumbles to dust.
You feel strangely unstable. The acid dragon bites you!
* * * LOW HITPOINT WARNING * * *
The acid dragon misses you.
The centaur hits you with a +0 morningstar.
* * * LOW HITPOINT WARNING * * *
The centaur kicks you.
* * * LOW HITPOINT WARNING * * *
The acid dragon attacks as you move away!
The acid dragon closely misses you.
The acid dragon claws you but does no damage.
The centaur attacks as you move away!
The centaur hits you with a +0 morningstar!
You die...

.. ... ##(?......#. #..
..#......... ... ###.....$..$.
.. ......n..... .# #.#
#.#S#.)..(# ..###..
####.#.......# ...#...
########....##.Dc...# .... #
...>.........#..@...# ...#
...........#........# #.#
...........####.....#####.# #..
...........# #...........# ##.
...........####.....####### ##
...........##.......# #
####.##.......##..######
#.##.......###.รท....##########
#.##......## ######...........


You could see an acid dragon (catching breath), a necrophage, a centaur (strong)
and an adder.

Vanquished Creatures
  Menkaure (D:6)
  A water moccasin (D:6)
  4 ogres
  A phantom (D:4)
  Blork the orc (D:5)
  A gnoll sergeant (D:5)
  2 scorpions (D:5)
  A jelly (D:4)
  A gnoll bouda (D:4)
  2 hounds
  3 iguanas
  12 gnolls
  6 adders
  2 worms
  8 orcs
  11 ball pythons
  3 bats (D:1)
  3 endoplasms
  3 giant cockroaches
  7 goblins
  10 hobgoblins
  3 jackals (D:1)
  3 quokkas
  3 frilled lizards
  10 kobolds
  5 rats
107 creatures vanquished.

Notes
Turn   | Place    | Note
-------+----------+-------------------------------------------
     0 | D:1      | LnG the Hill Orc Fighter began the quest for the Orb.
     0 | D:1      | Reached XP level 1. HP: 19/19 MP: 1/1
   122 | D:1      | Reached XP level 2. HP: 27/27 MP: 2/2
   217 | D:1      | Found a faded altar of an unknown god.
   225 | D:1      | Reached skill level 3 in Axes
   607 | D:1      | Reached XP level 3. HP: 26/33 MP: 3/3
   988 | D:2      | Found a hazy altar of Hepliaklqana.
  2002 | D:3      | Reached XP level 4. HP: 40/40 MP: 4/4
  2067 | D:3      | Found a faded altar of an unknown god.
  2071 | D:3      | Found a shimmering altar of Xom.
  2200 | D:3      | Upgraded the game from 0.30-a0-122-g2a1322497e to
                  | 0.30-a0-123-g91d0c66ccf
  2332 | D:3      | Reached skill level 4 in Axes
  2468 | D:3      | Found a basalt altar of Yredelemnul.
  2656 | D:3      | Found a broken altar of Ashenzari.
  2794 | D:3      | Found an opulent altar of Gozag.
  3287 | D:4      | HP: 2/40 [acid (3)]
  3290 | D:4      | Reached XP level 5. HP: 3/46 MP: 5/5
  3627 | D:4      | Found a burning altar of Makhleb.
  3690 | D:4      | Found a bloodstained altar of Trog.
  3790 | D:4      | Noticed an ogre
  3823 | D:4      | Noticed an ogre
  3826 | D:4      | Killed an ogre
  3827 | D:4      | Reached skill level 5 in Axes
  3827 | D:4      | Reached skill level 1 in Dodging
  3827 | D:4      | Reached XP level 6. HP: 3/53 MP: 6/6
  4124 | D:4      | Reached skill level 6 in Axes
  4444 | D:4      | Found a hazy altar of Hepliaklqana.
  4445 | D:4      | Found a shadowy altar of Dithmenos.
  4446 | D:4      | Noticed a shadow
  4531 | D:4      | Reached XP level 7. HP: 8/60 MP: 7/7
  4810 | D:4      | Found a sparkling altar of Nemelex Xobeh.
  5026 | D:5      | Entered Level 5 of the Dungeon
  5036 | D:4      | Reached skill level 1 in Stealth
  5200 | D:4      | Reached skill level 5 in Fighting
  5519 | D:5      | Found Ecein's Jewellery Shoppe.
  5577 | D:4      | Reached skill level 7 in Axes
  5577 | D:4      | Reached skill level 5 in Armour
  5863 | D:5      | Found a sacrificial altar of Ru.
  6005 | D:5      | Found a white marble altar of Elyvilon.
  6064 | D:5      | Reached skill level 8 in Axes
  6064 | D:5      | Reached XP level 8. HP: 44/69 MP: 8/8
  6275 | D:5      | Found a radiant altar of Vehumet.
  6307 | D:6      | Noticed Menkaure
  6307 | D:6      | Found Weron's Weapon Shop.
  6319 | D:6      | Killed Menkaure
  6588 | D:6      | Noticed Blork the orc
  6615 | D:5      | Killed Blork the orc
  6850 | D:6      | Reached skill level 9 in Axes
  6958 | D:6      | Identified the +0 pair of boots of the Slorg {rF+}
  7293 | D:6      | Slain by a centaur

Illustrated notes

Levels and vault maps discovered:
D:1:      wander_arrival_fairy_ring, layout_basic, ebering_ecumenical_altar_mist
D:2:      layout_basic, basic_altar, minivault_4
D:3:      layout_loops_corners, lemuel_round_altar, grunt_gozag_breadcrumbs,
          nicolae_ashenzari_skybound, nicolae_overflow_ecumenical_swirl,
          kennysheep_generic_room_14
D:4:      layout_gridville, riverfiend_overflow_shadow_ancestor,
          old_standard_altar, nicolae_overflow_crystal_walls,
          mainiacjoe_overflow_small_starburst, minmay_fractal_squares_diagonal_5
D:5:      layout_rooms, kennysheep_little_box, mainiacjoe_overflow_24_doors,
          elyvilon_altar_1, serial_shops, nicolae_shop_window_shopping
D:6:      layout_rooms, temple_statues, serial_shops, shop_statue,
          nicolae_shop_statue_plus, uniq_eustachio, uniq_blork_the_orc,
          uniq_menkaure

Skill      XL: |  1  2  3  4  5  6  7  8 |
---------------+-------------------------+-----
Axes           | 3 4 5 6 8 9 |  9.4
Fighting       | 4 5 |  5.8
Armour         | 4 5 6 |  6.2
Dodging        | 1 |  1.9
Shields        | 4 |  4.5
Stealth        | 1 |  1.2
Throwing       | |  0.6

Action                   |  1- 3 |  4- 6 |  7- 9 || total
-------------------------+-------+-------+-------++-------
Melee: War axe           |    96 |   135 |   160 ||   391
Throw: Boomerang         |       |       |     7 ||     7
  Use: Scroll            |     2 |     5 |     3 ||    10
Armor: Scale mail        |    47 |    53 |    92 ||   192
Dodge: Dodged            |    48 |    55 |    77 ||   180
Block: Buckler           |    26 |    32 |    34 ||    92

Table legend: (Time is in decaauts)
 A = Elapsed time spent in this place.
 B = Non-inter-level travel time spent in this place.
 C = Inter-level travel time spent in this place.
 D = Time resting spent in this place.
 E = Time spent auto-exploring this place.
 F = Levels seen in this place.
 G = Mean time per level.
                   A        B        C        D        E       F      G
               +--------+--------+--------+--------+--------+-----+--------+
         Total |   7413 |   7141 |    272 |   2781 |   1123 |   6 | 1235.5 |
       Dungeon |   7413 |   7141 |    272 |   2781 |   1123 |   6 | 1235.5 |
               +--------+--------+--------+--------+--------+-----+--------+

Top non-repeatable levels by time:
     D:3: 1740 daAuts
     D:4: 1728 daAuts
     D:5: 1377 daAuts
     D:1: 1002 daAuts
     D:2: 999 daAuts
     D:6: 564 daAuts
